[ AOE2 MATCH · #482577788 ]
UnrankedArmenians vs Malians
[ REPLAY ANALYSIS · EXTRACTED FROM THE RECORDED GAME ]
Feudal
11:56
Castle
15:45
Imperial
30:35
| APM avg | 47.9 |
| APM peak | 104 |
| eAPM avg | 29.4 |
| Villagers / military | 134 / 235 |
Focus
⚔️ 46.0% · 🌾 54.0%
Militia ×136 · Composite Bowman ×84 · Trade Cart ×26 · Trebuchet (Packed) ×13 · Warrior Priest ×2
Feudal
23:08
Castle
43:11
Imperial
—
| APM avg | 68.5 |
| APM peak | 187 |
| eAPM avg | 36.2 |
| Villagers / military | 83 / 9 |
Focus
⚔️ 47.5% · 🌾 52.5%
Spearman ×9 · Trade Cart ×5
Feudal
12:54
Castle
16:26
Imperial
29:32
| APM avg | 38.0 |
| APM peak | 117 |
| eAPM avg | 25.6 |
| Villagers / military | 147 / 254 |
Focus
⚔️ 37.7% · 🌾 62.3%
Huskarl ×250 · Trade Cart ×27 · Trebuchet (Packed) ×4
Feudal
10:56
Castle
15:28
Imperial
33:00
| APM avg | 38.2 |
| APM peak | 86 |
| eAPM avg | 23.3 |
| Villagers / military | 159 / 170 |
Focus
⚔️ 26.0% · 🌾 74.0%
Knight ×157 · Fishing Ship ×16 · Transport Ship ×5 · Bombard Cannon ×3 · Trebuchet (Packed) ×3 · Monk ×2
Feudal
29:48
Castle
33:43
Imperial
—
| APM avg | 36.4 |
| APM peak | 84 |
| eAPM avg | 20.2 |
| Villagers / military | 201 / 0 |
Focus
⚔️ 16.4% · 🌾 83.6%
Feudal
11:54
Castle
16:39
Imperial
35:27
| APM avg | 59.4 |
| APM peak | 103 |
| eAPM avg | 31.8 |
| Villagers / military | 179 / 130 |
Focus
⚔️ 26.7% · 🌾 73.3%
Knight ×103 · Scout Cavalry ×16 · Trade Cart ×13 · Mangonel ×8 · Fishing Ship ×5 · Monk ×2
Feudal
12:32
Castle
16:03
Imperial
28:28
| APM avg | 47.7 |
| APM peak | 113 |
| eAPM avg | 27.2 |
| Villagers / military | 135 / 78 |
Focus
⚔️ 46.5% · 🌾 53.5%
Unknown (1263) ×135 · Keshik ×71 · Fishing Ship ×51 · Trade Cart ×38 · Trebuchet (Packed) ×7
Feudal
11:15
Castle
16:55
Imperial
31:20
| APM avg | 34.1 |
| APM peak | 74 |
| eAPM avg | 23.6 |
| Villagers / military | 133 / 224 |
Focus
⚔️ 20.2% · 🌾 79.8%
Scout Cavalry ×113 · Knight ×77 · Mangonel ×30 · Trade Cart ×19 · Fishing Ship ×17 · Demolition Raft ×4
Match map
Initial resources + every placement click. Lines = walls · curves = elevation contours. ◆ gold · ⬟ stone · ● berries · ✦ relic · ◌ wall gap
Your base· ✓ Closed at 15:45 · 60t walls · no gate
DS_StonePleaseAoE's base· Open — opponent sealed themselves in
.assisT's base· Open — opponent sealed themselves in
ALBERT's base· Open — opponent sealed themselves in
Nerv's base· ✓ Closed at 33:43 · 42t walls · 2 gate(s)
HazEy1's base· ✓ Closed at 16:39 · 0t walls · no gate
pääjehu's base· ✓ Closed at 16:03 · 0t walls · no gate
Dampflok's base· Open — opponent sealed themselves in
Smoothed initial terrain · ◌ = detected wall gap · hover for details
Inputs per minute
— aleksanderG - - DS_StonePleaseAoE
Build order — aleksanderG
First 150 of 576 actions detected
| 0:01 | Create | Villager (Male) |
| 0:02 | Build | House |
| 0:03 | Build | House |
| 0:05 | Create | Villager (Male) |
| 0:05 | Create | Villager (Male) |
| 0:05 | Create | Villager (Male) |
| 0:23 | Create | Villager (Male) |
| 0:29 | Create | Villager (Male) |
| 1:04 | Build | Palisade Wall |
| 1:12 | Build | Palisade Wall |
| 1:14 | Build | Palisade Wall |
| 1:29 | Create | Villager (Male) |
| 2:08 | Research | Loom |
| 2:17 | Create | Villager (Male) |
| 2:23 | Build | Palisade Wall |
| 2:25 | Build | Palisade Wall |
| 2:48 | Create | Villager (Male) |
| 2:48 | Create | Villager (Male) |
| 2:58 | Build | Palisade Wall |
| 2:59 | Build | Palisade Wall |
| 3:28 | Create | Villager (Male) |
| 3:40 | Build | Palisade Wall |
| 3:45 | Build | House |
| 3:45 | Create | Villager (Male) |
| 4:15 | Create | Villager (Male) |
| 4:15 | Create | Villager (Male) |
| 4:36 | Create | Villager (Male) |
| 4:50 | Build | Palisade Wall |
| 5:12 | Create | Villager (Male) |
| 5:28 | Build | Palisade Wall |
| 5:38 | Create | Villager (Male) |
| 5:46 | Build | House |
| 5:59 | Create | Villager (Male) |
| 6:07 | Build | Palisade Wall |
| 6:27 | Create | Villager (Male) |
| 6:50 | Build | Mule Cart |
| 6:54 | Create | Villager (Male) |
| 7:13 | Build | Palisade Wall |
| 7:22 | Create | Villager (Male) |
| 7:38 | Create | Villager (Male) |
| 7:42 | Build | Palisade Wall |
| 7:43 | Build | Palisade Wall |
| 8:03 | Build | House |
| 8:05 | Build | Mill |
| 8:09 | Create | Villager (Male) |
| 8:24 | Create | Villager (Male) |
| 9:03 | Create | Villager (Male) |
| 9:46 | Research | Feudal Age |
| 10:31 | Build | Mule Cart |
| 11:00 | Create | Villager (Male) |
| 11:00 | Create | Villager (Male) |
| 11:56 | Age | Feudal Age |
| 12:03 | Build | Stone Wall |
| 12:05 | Build | Stone Wall |
| 12:11 | Build | Market |
| 12:13 | Build | Blacksmith |
| 12:28 | Build | House |
| 12:50 | Build | Stone Wall |
| 13:05 | Research | Castle Age |
| 13:49 | Research | Double-Bit Axe |
| 13:55 | Research | Horse Collar |
| 14:11 | Create | Villager (Male) |
| 14:11 | Create | Villager (Male) |
| 14:27 | Build | Mule Cart |
| 14:44 | Create | Villager (Male) |
| 14:51 | Build | Stone Wall |
| 14:53 | Build | Stone Wall |
| 15:10 | Create | Villager (Male) |
| 15:45 | Age | Castle Age |
| 15:51 | Build | Town Center |
| 16:00 | Build | Town Center |
| 16:14 | Build | Outpost |
| 16:16 | Create | Villager (Male) |
| 16:25 | Research | Bow Saw |
| 16:35 | Build | Outpost |
| 16:43 | Build | House |
| 17:07 | Build | Farm |
| 17:08 | Create | Villager (Male) |
| 17:11 | Create | Villager (Male) |
| 17:25 | Create | Villager (Male) |
| 17:38 | Create | Villager (Male) |
| 17:48 | Build | Monastery |
| 18:00 | Build | Farm |
| 18:01 | Build | Farm |
| 18:02 | Build | Farm |
| 18:03 | Create | Villager (Male) |
| 18:06 | Build | Farm |
| 18:08 | Build | Farm |
| 18:14 | Build | House |
| 18:33 | Build | Farm |
| 18:35 | Build | Farm |
| 18:35 | Create | Villager (Male) |
| 18:39 | Create | Villager (Male) ×3 |
| 18:47 | Build | Farm |
| 18:51 | Build | Farm |
| 18:54 | Build | Farm |
| 18:57 | Create | Villager (Male) |
| 19:04 | Build | Farm |
| 19:11 | Create | Villager (Male) |
| 19:14 | Build | Farm |
| 19:15 | Create | Villager (Male) |
| 19:22 | Build | Farm |
| 19:29 | Research | Town Watch |
| 19:32 | Create | Villager (Male) |
| 19:35 | Create | Villager (Male) |
| 19:43 | Create | Villager (Male) |
| 19:49 | Build | Farm |
| 19:50 | Build | Farm |
| 19:51 | Create | Villager (Male) |
| 19:55 | Build | Farm |
| 19:58 | Build | Farm |
| 20:05 | Create | Villager (Male) |
| 20:08 | Build | Farm |
| 20:09 | Create | Villager (Male) |
| 20:13 | Create | Villager (Male) |
| 20:27 | Create | Warrior Priest |
| 20:28 | Create | Villager (Male) |
| 20:30 | Build | Farm |
| 20:32 | Build | Farm |
| 20:38 | Create | Villager (Male) |
| 20:44 | Create | Villager (Male) |
| 20:53 | Research | Heavy Plow |
| 21:02 | Build | House |
| 21:03 | Build | House |
| 21:06 | Build | House |
| 21:21 | Create | Villager (Male) |
| 21:22 | Create | Villager (Male) |
| 21:33 | Build | Town Center |
| 21:36 | Research | Wheelbarrow |
| 21:37 | Create | Villager (Male) |
| 21:45 | Create | Villager (Male) |
| 21:47 | Build | Farm |
| 21:55 | Build | House |
| 21:55 | Build | House |
| 21:59 | Create | Villager (Male) |
| 22:00 | Create | Villager (Male) |
| 22:05 | Build | Farm |
| 22:06 | Create | Villager (Male) |
| 22:06 | Create | Villager (Male) |
| 22:26 | Build | Town Center |
| 22:30 | Build | House |
| 22:33 | Build | House |
| 22:44 | Create | Villager (Male) |
| 22:47 | Research | Stone Mining |
| 22:48 | Create | Villager (Male) |
| 22:50 | Create | Villager (Male) |
| 22:51 | Create | Villager (Male) |
| 22:51 | Create | Villager (Male) |
| 22:55 | Build | House |
| 23:03 | Build | Farm |
Build order — DS_StonePleaseAoE
First 150 of 232 actions detected
| 0:01 | Create | Villager (Male) |
| 0:01 | Create | Villager (Male) |
| 0:01 | Create | Villager (Male) |
| 0:01 | Create | Villager (Male) |
| 0:03 | Build | House |
| 0:07 | Build | House |
| 0:46 | Research | Loom |
| 0:57 | Create | Villager (Male) |
| 1:03 | Create | Villager (Male) |
| 1:03 | Create | Villager (Male) |
| 1:44 | Create | Villager (Male) |
| 2:21 | Create | Villager (Male) |
| 2:48 | Create | Villager (Male) |
| 3:17 | Create | Villager (Male) |
| 3:17 | Create | Villager (Male) |
| 3:33 | Build | Palisade Wall |
| 3:33 | Build | Palisade Wall |
| 3:36 | Build | Palisade Wall |
| 3:37 | Build | Palisade Wall |
| 3:46 | Build | Palisade Wall |
| 3:46 | Build | Palisade Wall |
| 3:48 | Create | Villager (Male) |
| 4:03 | Build | House |
| 4:12 | Create | Villager (Male) |
| 4:30 | Create | Villager (Male) |
| 5:06 | Build | Lumber Camp |
| 5:08 | Create | Villager (Male) |
| 5:31 | Create | Villager (Male) |
| 5:53 | Create | Villager (Male) |
| 6:18 | Create | Villager (Male) |
| 6:33 | Create | Villager (Male) |
| 7:08 | Create | Villager (Male) |
| 7:13 | Build | House |
| 7:27 | Create | Villager (Male) |
| 7:45 | Create | Villager (Male) |
| 7:58 | Create | Villager (Male) |
| 8:23 | Create | Villager (Male) |
| 8:39 | Create | Villager (Male) |
| 9:03 | Create | Villager (Male) |
| 9:27 | Build | House |
| 9:34 | Create | Villager (Male) |
| 9:42 | Create | Villager (Male) |
| 9:58 | Create | Villager (Male) |
| 10:26 | Create | Villager (Male) |
| 10:55 | Create | Villager (Male) |
| 11:31 | Create | Villager (Male) |
| 11:43 | Build | Mill |
| 11:48 | Build | House |
| 12:02 | Create | Villager (Male) |
| 12:15 | Create | Villager (Male) |
| 12:26 | Create | Villager (Male) |
| 12:39 | Create | Villager (Male) |
| 12:39 | Create | Villager (Male) |
| 12:50 | Create | Villager (Male) |
| 13:07 | Build | House |
| 13:18 | Create | Villager (Male) |
| 13:42 | Build | House |
| 14:01 | Create | Villager (Male) |
| 14:19 | Create | Villager (Male) |
| 14:20 | Create | Villager (Male) |
| 14:38 | Create | Villager (Male) |
| 15:02 | Create | Villager (Male) |
| 15:02 | Create | Villager (Male) |
| 15:43 | Create | Villager (Male) |
| 16:12 | Build | Palisade Wall |
| 16:12 | Build | Palisade Wall |
| 16:23 | Create | Villager (Male) |
| 16:36 | Build | Farm |
| 16:36 | Build | Farm |
| 16:36 | Build | Farm |
| 16:36 | Build | Farm |
| 16:43 | Build | Farm |
| 16:50 | Create | Villager (Male) |
| 17:27 | Create | Villager (Male) |
| 17:34 | Create | Villager (Male) |
| 17:45 | Create | Villager (Male) |
| 17:49 | Build | Farm |
| 18:00 | Build | House |
| 18:01 | Build | House |
| 18:09 | Build | Palisade Wall |
| 18:19 | Build | Lumber Camp |
| 18:24 | Build | Palisade Wall |
| 18:25 | Build | Palisade Wall |
| 18:26 | Build | Palisade Wall |
| 18:27 | Create | Villager (Male) |
| 18:29 | Build | Palisade Wall |
| 18:32 | Build | Palisade Wall |
| 18:33 | Build | Palisade Wall |
| 18:37 | Build | Palisade Wall |
| 18:37 | Build | Palisade Wall |
| 19:05 | Build | Palisade Wall |
| 19:11 | Build | Palisade Wall |
| 19:26 | Build | Palisade Wall |
| 19:32 | Build | Palisade Wall |
| 19:34 | Build | Palisade Wall |
| 19:44 | Build | Palisade Gate |
| 19:52 | Build | Palisade Gate |
| 19:59 | Build | Farm |
| 20:16 | Build | Farm |
| 20:20 | Build | House |
| 20:24 | Build | Farm |
| 20:31 | Build | House |
| 20:36 | Research | Feudal Age |
| 20:52 | Build | Farm |
| 21:24 | Build | House |
| 21:30 | Build | Farm |
| 21:31 | Build | Farm |
| 21:41 | Build | Mining Camp |
| 22:08 | Build | Palisade Wall |
| 23:08 | Build | Farm |
| 23:08 | Age | Feudal Age |
| 23:10 | Create | Villager (Male) |
| 23:11 | Create | Villager (Male) |
| 23:21 | Build | House |
| 23:27 | Build | Market |
| 23:31 | Build | Palisade Wall |
| 23:36 | Build | Watch Tower |
| 23:55 | Build | Barracks |
| 23:57 | Build | Barracks |
| 24:01 | Create | Villager (Male) |
| 24:13 | Build | Lumber Camp |
| 24:17 | Create | Villager (Male) |
| 24:39 | Build | Stone Wall |
| 24:53 | Create | Villager (Male) |
| 25:04 | Create | Spearman |
| 25:04 | Create | Spearman |
| 25:05 | Create | Villager (Male) |
| 25:31 | Create | Villager (Male) |
| 25:35 | Create | Spearman |
| 26:10 | Create | Villager (Male) |
| 26:16 | Create | Spearman |
| 26:16 | Create | Spearman |
| 26:41 | Create | Spearman |
| 26:41 | Create | Spearman |
| 28:03 | Build | Town Center |
| 28:07 | Create | Spearman |
| 28:23 | Create | Spearman |
| 29:43 | Create | Villager (Male) |
| 29:43 | Create | Villager (Male) |
| 30:07 | Create | Villager (Male) |
| 30:31 | Create | Villager (Male) |
| 31:00 | Build | House |
| 31:01 | Build | Palisade Wall |
| 31:03 | Create | Villager (Male) |
| 31:07 | Build | Mill |
| 31:08 | Build | Farm |
| 31:08 | Build | Farm |
| 31:09 | Build | Farm |
| 31:09 | Build | Farm |
| 31:09 | Build | Farm |
Build order — .assisT
First 150 of 634 actions detected
| 0:01 | Create | Villager (Male) |
| 0:02 | Build | House |
| 0:04 | Build | House |
| 0:19 | Research | Loom |
| 0:21 | Create | Villager (Male) |
| 0:21 | Create | Villager (Male) |
| 0:21 | Create | Villager (Male) |
| 0:54 | Build | Palisade Wall |
| 1:24 | Build | Palisade Wall |
| 1:25 | Build | Palisade Wall |
| 1:25 | Build | Palisade Wall |
| 1:28 | Build | Palisade Wall |
| 1:44 | Create | Villager (Male) |
| 1:44 | Create | Villager (Male) |
| 2:18 | Create | Villager (Male) |
| 2:18 | Create | Villager (Male) |
| 2:35 | Create | Villager (Male) |
| 2:35 | Create | Villager (Male) |
| 2:47 | Build | Lumber Camp |
| 3:16 | Create | Villager (Male) |
| 3:27 | Create | Villager (Male) |
| 3:28 | Create | Villager (Male) |
| 4:22 | Create | Villager (Male) |
| 4:22 | Create | Villager (Male) |
| 4:50 | Create | Villager (Male) |
| 4:50 | Create | Villager (Male) |
| 5:08 | Create | Villager (Male) |
| 5:08 | Create | Villager (Male) |
| 5:17 | Build | House |
| 5:33 | Create | Villager (Male) |
| 5:33 | Create | Villager (Male) |
| 5:33 | Create | Villager (Male) |
| 5:40 | Build | Mill |
| 6:11 | Build | House |
| 6:12 | Build | Palisade Wall |
| 6:36 | Create | Villager (Male) |
| 6:37 | Create | Villager (Male) |
| 6:38 | Create | Villager (Male) |
| 7:03 | Create | Villager (Male) |
| 7:43 | Create | Villager (Male) |
| 7:43 | Create | Villager (Male) |
| 8:15 | Create | Villager (Male) |
| 8:21 | Build | House |
| 8:37 | Build | House |
| 8:44 | Build | Mining Camp |
| 8:46 | Create | Villager (Male) |
| 8:57 | Build | Farm |
| 9:22 | Build | Farm |
| 9:45 | Create | Villager (Male) |
| 9:52 | Build | House |
| 10:10 | Create | Villager (Male) |
| 10:17 | Research | Feudal Age |
| 10:40 | Build | Mining Camp |
| 10:45 | Create | Villager (Male) |
| 10:45 | Create | Villager (Male) |
| 12:54 | Age | Feudal Age |
| 12:55 | Build | Blacksmith |
| 12:57 | Build | Market |
| 13:14 | Build | Palisade Wall |
| 13:14 | Build | Palisade Wall |
| 13:39 | Research | Double-Bit Axe |
| 13:46 | Research | Castle Age |
| 13:57 | Build | House |
| 13:58 | Build | House |
| 13:59 | Build | House |
| 15:01 | Build | House |
| 15:18 | Research | Gold Mining |
| 15:18 | Research | Gold Mining |
| 15:20 | Research | Horse Collar |
| 15:29 | Build | Farm |
| 15:30 | Build | Farm |
| 15:55 | Create | Villager (Male) |
| 16:26 | Age | Castle Age |
| 16:28 | Build | Town Center |
| 16:32 | Build | Town Center |
| 16:38 | Research | Bow Saw |
| 16:45 | Create | Villager (Male) |
| 17:04 | Build | Town Center |
| 17:07 | Create | Villager (Male) |
| 17:27 | Build | Farm |
| 18:09 | Create | Villager (Male) |
| 18:09 | Create | Villager (Male) |
| 18:09 | Create | Villager (Male) |
| 18:23 | Create | Villager (Male) |
| 18:26 | Build | Farm |
| 18:27 | Build | Farm |
| 18:28 | Build | Farm |
| 18:30 | Build | Farm |
| 18:30 | Build | Farm |
| 18:31 | Create | Villager (Male) |
| 18:42 | Create | Villager (Male) |
| 18:42 | Create | Villager (Male) |
| 18:42 | Create | Villager (Male) |
| 18:45 | Build | Farm |
| 18:48 | Create | Villager (Male) |
| 18:48 | Create | Villager (Male) |
| 18:57 | Build | Farm |
| 19:00 | Create | Villager (Male) |
| 19:08 | Build | Farm |
| 19:21 | Build | Farm |
| 19:25 | Build | Farm |
| 19:29 | Create | Villager (Male) |
| 19:37 | Build | Farm |
| 19:38 | Create | Villager (Male) |
| 19:42 | Build | Farm |
| 19:47 | Build | Farm |
| 19:53 | Build | Farm |
| 20:01 | Create | Villager (Male) |
| 20:01 | Create | Villager (Male) |
| 20:03 | Build | Farm |
| 20:06 | Create | Villager (Male) |
| 20:16 | Create | Villager (Male) |
| 20:20 | Create | Villager (Male) |
| 20:20 | Create | Villager (Male) |
| 20:21 | Create | Villager (Male) |
| 20:24 | Build | Farm |
| 20:27 | Build | Farm |
| 20:28 | Create | Villager (Male) |
| 20:28 | Create | Villager (Male) |
| 20:46 | Build | Farm |
| 20:49 | Build | Farm |
| 20:50 | Create | Villager (Male) |
| 20:50 | Create | Villager (Male) |
| 20:50 | Create | Villager (Male) |
| 20:55 | Build | Farm |
| 20:56 | Build | Farm |
| 20:58 | Create | Villager (Male) |
| 21:01 | Create | Villager (Male) |
| 21:06 | Build | Farm |
| 21:07 | Build | Farm |
| 21:09 | Create | Villager (Male) |
| 21:14 | Build | House |
| 21:15 | Build | House |
| 21:15 | Build | House |
| 21:17 | Create | Villager (Male) |
| 21:19 | Build | Farm |
| 21:22 | Create | Villager (Male) |
| 21:32 | Build | Farm |
| 21:36 | Create | Villager (Male) |
| 21:36 | Create | Villager (Male) |
| 21:39 | Create | Villager (Male) |
| 21:44 | Build | Castle |
| 21:46 | Create | Villager (Male) |
| 21:46 | Create | Villager (Male) |
| 21:49 | Build | Farm |
| 21:54 | Build | Farm |
| 21:55 | Build | Farm |
| 21:57 | Create | Villager (Male) |
| 22:11 | Create | Villager (Male) |
| 22:12 | Create | Villager (Male) |
Build order — ALBERT
First 150 of 428 actions detected
| 0:01 | Create | Villager (Male) |
| 0:02 | Build | House |
| 0:03 | Build | House |
| 0:12 | Create | Villager (Male) |
| 0:13 | Create | Villager (Male) |
| 0:20 | Create | Villager (Male) |
| 0:24 | Create | Villager (Male) |
| 0:25 | Create | Villager (Male) |
| 1:35 | Create | Villager (Male) |
| 1:49 | Build | Lumber Camp |
| 2:11 | Create | Villager (Male) |
| 2:18 | Create | Villager (Male) |
| 2:55 | Create | Villager (Male) |
| 3:14 | Create | Villager (Male) |
| 3:35 | Build | House |
| 3:45 | Create | Villager (Male) |
| 4:01 | Create | Villager (Male) |
| 4:50 | Build | Dock |
| 5:06 | Create | Villager (Male) |
| 5:14 | Create | Villager (Male) |
| 5:23 | Build | House |
| 5:33 | Create | Villager (Male) |
| 5:38 | Create | Fishing Ship |
| 5:39 | Create | Fishing Ship |
| 5:55 | Create | Villager (Male) |
| 6:16 | Create | Fishing Ship |
| 6:31 | Build | House |
| 6:34 | Create | Villager (Male) |
| 6:50 | Create | Villager (Male) |
| 7:22 | Create | Fishing Ship |
| 7:28 | Build | House |
| 7:35 | Research | Loom |
| 7:49 | Create | Villager (Male) |
| 8:01 | Research | Feudal Age |
| 8:10 | Create | Villager (Male) |
| 8:13 | Build | Mill |
| 8:20 | Research | Feudal Age |
| 8:24 | Create | Fishing Ship |
| 8:27 | Build | House |
| 8:38 | Create | Villager (Male) |
| 8:38 | Create | Villager (Male) |
| 9:19 | Build | Mining Camp |
| 9:25 | Create | Villager (Male) |
| 10:56 | Age | Feudal Age |
| 10:59 | Build | Market |
| 11:35 | Create | Villager (Male) |
| 11:52 | Build | Blacksmith |
| 12:23 | Research | Double-Bit Axe |
| 12:23 | Research | Double-Bit Axe |
| 12:48 | Research | Castle Age |
| 12:48 | Research | Castle Age |
| 13:15 | Research | Tech 906 |
| 13:21 | Create | Villager (Male) |
| 13:30 | Create | Fishing Ship |
| 13:34 | Build | House |
| 13:46 | Create | Villager (Male) |
| 14:04 | Create | Fishing Ship |
| 15:28 | Age | Castle Age |
| 15:32 | Create | Villager (Male) |
| 15:34 | Build | Town Center |
| 15:36 | Research | Bow Saw |
| 15:37 | Create | Villager (Male) |
| 16:01 | Build | Town Center |
| 16:06 | Create | Villager (Male) |
| 16:34 | Create | Villager (Male) |
| 16:35 | Create | Villager (Male) |
| 16:44 | Build | Monastery |
| 16:51 | Create | Villager (Male) ×5 |
| 16:55 | Create | Villager (Male) ×5 |
| 16:57 | Create | Fishing Ship |
| 17:02 | Build | House |
| 17:27 | Build | Palisade Wall |
| 17:29 | Build | Palisade Gate |
| 17:30 | Create | Monk |
| 17:35 | Build | House |
| 17:39 | Create | Villager (Male) |
| 17:39 | Create | Villager (Male) |
| 17:43 | Research | Gillnets |
| 17:43 | Create | Fishing Ship |
| 17:54 | Research | Horse Collar |
| 18:11 | Create | Villager (Male) |
| 18:29 | Create | Fishing Ship |
| 18:31 | Build | Dock |
| 18:32 | Build | Dock |
| 18:39 | Research | Wheelbarrow |
| 18:41 | Build | Fish Trap |
| 18:46 | Create | Villager (Male) |
| 18:55 | Build | Fish Trap |
| 18:59 | Build | Fish Trap |
| 19:05 | Research | Heavy Plow |
| 19:07 | Build | House |
| 19:10 | Build | House |
| 19:12 | Build | House |
| 19:20 | Research | Town Watch |
| 19:21 | Create | Transport Ship |
| 19:28 | Build | House |
| 19:28 | Build | House |
| 19:32 | Build | Fish Trap |
| 19:35 | Build | Farm |
| 19:36 | Build | Farm |
| 19:37 | Build | Farm |
| 19:38 | Create | Villager (Male) |
| 19:39 | Create | Villager (Male) |
| 19:42 | Build | Farm |
| 19:42 | Build | Farm |
| 19:46 | Build | House |
| 19:51 | Build | House |
| 19:53 | Create | Villager (Male) |
| 19:55 | Create | Transport Ship ×4 |
| 20:04 | Create | Fishing Ship ×5 |
| 20:09 | Build | Fish Trap |
| 20:16 | Create | Villager (Male) |
| 20:19 | Build | Farm |
| 20:27 | Build | Fish Trap |
| 20:33 | Create | Villager (Male) |
| 20:35 | Build | Farm |
| 20:36 | Build | Farm |
| 20:37 | Build | Farm |
| 20:38 | Build | Farm |
| 20:39 | Create | Villager (Male) |
| 20:41 | Build | Fish Trap |
| 20:43 | Create | Villager (Male) |
| 20:50 | Build | Fish Trap |
| 20:54 | Create | Villager (Male) ×4 |
| 20:58 | Build | Fish Trap |
| 21:04 | Create | Villager (Male) |
| 21:07 | Build | Farm |
| 21:08 | Build | Farm |
| 21:18 | Create | Villager (Male) |
| 21:20 | Build | Fish Trap |
| 21:28 | Build | Town Center |
| 21:35 | Research | Gold Mining |
| 21:41 | Build | Fish Trap |
| 21:48 | Build | Fish Trap |
| 21:51 | Create | Villager (Male) |
| 21:52 | Create | Villager (Male) |
| 21:53 | Create | Villager (Male) |
| 21:58 | Build | Fish Trap |
| 22:02 | Build | Lumber Camp |
| 22:04 | Build | House |
| 22:05 | Build | House |
| 22:08 | Create | Villager (Male) |
| 22:09 | Create | Villager (Male) |
| 22:14 | Build | Mining Camp |
| 22:21 | Build | Fish Trap |
| 22:25 | Create | Fishing Ship |
| 22:28 | Create | Villager (Male) |
| 22:33 | Build | Lumber Camp |
| 22:35 | Create | Villager (Male) |
| 22:36 | Create | Villager (Male) |
Build order — Nerv
First 150 of 382 actions detected
| 0:01 | Create | Villager (Male) |
| 0:01 | Create | Villager (Male) |
| 0:01 | Create | Villager (Male) |
| 0:02 | Build | House |
| 0:04 | Build | House |
| 0:14 | Create | Villager (Male) |
| 1:23 | Research | Loom |
| 1:34 | Create | Villager (Male) |
| 2:19 | Create | Villager (Male) |
| 2:19 | Create | Villager (Male) |
| 2:45 | Build | Palisade Gate |
| 3:05 | Create | Villager (Male) |
| 3:06 | Create | Villager (Male) |
| 3:20 | Create | Villager (Male) |
| 3:20 | Create | Villager (Male) |
| 3:39 | Create | Villager (Male) |
| 3:39 | Create | Villager (Male) |
| 3:58 | Create | Villager (Male) |
| 3:58 | Create | Villager (Male) |
| 4:08 | Build | Palisade Wall |
| 4:34 | Create | Villager (Male) |
| 4:34 | Create | Villager (Male) |
| 4:36 | Build | House |
| 5:00 | Create | Villager (Male) |
| 6:10 | Create | Villager (Male) |
| 6:11 | Create | Villager (Male) |
| 6:23 | Build | Palisade Wall |
| 6:30 | Create | Villager (Male) |
| 6:31 | Create | Villager (Male) |
| 6:47 | Create | Villager (Male) |
| 6:48 | Create | Villager (Male) |
| 7:16 | Create | Villager (Male) |
| 7:56 | Create | Villager (Male) |
| 7:56 | Create | Villager (Male) |
| 7:59 | Build | House |
| 8:06 | Create | Villager (Male) |
| 8:06 | Create | Villager (Male) |
| 9:13 | Create | Villager (Male) |
| 9:13 | Create | Villager (Male) |
| 9:14 | Create | Villager (Male) |
| 9:29 | Build | House |
| 9:54 | Create | Villager (Male) |
| 9:56 | Create | Villager (Male) |
| 9:56 | Create | Villager (Male) |
| 10:52 | Build | Mill |
| 10:52 | Create | Villager (Male) |
| 10:56 | Build | House |
| 11:27 | Create | Villager (Male) |
| 11:39 | Build | House |
| 11:40 | Create | Villager (Male) |
| 11:41 | Create | Villager (Male) |
| 11:41 | Create | Villager (Male) |
| 11:41 | Create | Villager (Male) |
| 11:43 | Create | Villager (Male) |
| 12:35 | Create | Villager (Male) |
| 12:35 | Create | Villager (Male) |
| 12:36 | Create | Villager (Male) |
| 13:38 | Create | Villager (Male) |
| 13:38 | Create | Villager (Male) |
| 13:38 | Create | Villager (Male) |
| 14:47 | Create | Villager (Male) |
| 14:47 | Create | Villager (Male) |
| 14:47 | Create | Villager (Male) |
| 14:56 | Create | Villager (Male) |
| 14:56 | Create | Villager (Male) |
| 15:45 | Build | Mill |
| 16:25 | Create | Villager (Male) |
| 16:25 | Create | Villager (Male) |
| 16:50 | Create | Villager (Male) |
| 17:13 | Build | Palisade Wall |
| 17:47 | Build | House |
| 17:47 | Create | Villager (Male) |
| 17:50 | Build | Farm |
| 17:59 | Create | Villager (Male) |
| 17:59 | Create | Villager (Male) |
| 17:59 | Create | Villager (Male) |
| 18:12 | Build | Outpost |
| 18:18 | Build | Outpost |
| 18:25 | Build | Palisade Wall |
| 18:48 | Create | Villager (Male) |
| 19:01 | Create | Villager (Male) |
| 19:21 | Build | Palisade Gate |
| 19:39 | Create | Villager (Male) |
| 19:45 | Build | Lumber Camp |
| 19:46 | Create | Villager (Male) |
| 20:56 | Build | Palisade Wall |
| 21:15 | Create | Villager (Male) |
| 21:17 | Build | Farm |
| 21:18 | Build | Farm |
| 21:26 | Build | Farm |
| 21:27 | Create | Villager (Male) |
| 21:58 | Build | House |
| 22:03 | Build | House |
| 22:13 | Build | House |
| 22:20 | Build | Outpost |
| 22:24 | Build | Outpost |
| 22:29 | Build | House |
| 22:31 | Create | Villager (Male) |
| 22:33 | Build | Farm |
| 22:34 | Build | Farm |
| 22:35 | Create | Villager (Male) |
| 22:36 | Create | Villager (Male) |
| 22:37 | Create | Villager (Male) |
| 22:40 | Build | Palisade Wall |
| 22:41 | Build | Palisade Wall |
| 22:43 | Build | Palisade Wall |
| 22:45 | Build | Palisade Wall |
| 22:46 | Build | Palisade Wall |
| 22:46 | Build | Palisade Wall |
| 23:02 | Build | House |
| 23:15 | Create | Villager (Male) |
| 23:17 | Build | Farm |
| 23:24 | Build | House |
| 23:25 | Build | House |
| 23:37 | Build | Outpost |
| 23:44 | Build | Farm |
| 23:45 | Create | Villager (Male) |
| 23:49 | Build | Farm |
| 23:49 | Create | Villager (Male) |
| 23:54 | Build | Mining Camp |
| 23:55 | Create | Villager (Male) |
| 23:58 | Build | Farm |
| 24:02 | Create | Villager (Male) |
| 24:11 | Create | Villager (Male) |
| 25:25 | Build | Palisade Wall |
| 25:27 | Build | Palisade Wall |
| 25:28 | Build | Palisade Wall |
| 25:47 | Build | House |
| 25:56 | Create | Villager (Male) |
| 25:58 | Create | Villager (Male) |
| 26:01 | Build | Farm |
| 26:04 | Build | Farm |
| 26:06 | Build | Farm |
| 26:08 | Build | Farm |
| 26:13 | Create | Villager (Male) |
| 26:16 | Build | Farm |
| 26:16 | Build | Farm |
| 26:17 | Build | Farm |
| 26:17 | Build | Farm |
| 26:17 | Build | Farm |
| 26:18 | Build | Farm |
| 26:18 | Build | Farm |
| 26:24 | Build | House |
| 26:41 | Build | Palisade Gate |
| 27:20 | Build | Palisade Wall |
| 27:38 | Research | Feudal Age |
| 27:39 | Research | Feudal Age |
| 27:41 | Create | Villager (Male) |
| 27:48 | Build | House |
| 27:56 | Build | House |
Build order — HazEy1
First 150 of 574 actions detected
| 0:01 | Create | Villager (Male) |
| 0:02 | Build | House |
| 0:04 | Build | House |
| 0:10 | Create | Villager (Male) |
| 0:11 | Create | Villager (Male) |
| 0:11 | Create | Villager (Male) |
| 1:15 | Create | Villager (Male) |
| 1:15 | Create | Villager (Male) |
| 1:46 | Build | Lumber Camp |
| 2:09 | Create | Villager (Male) |
| 2:10 | Create | Villager (Male) |
| 2:18 | Create | Villager (Male) |
| 2:18 | Create | Villager (Male) |
| 3:14 | Create | Villager (Male) |
| 3:14 | Create | Villager (Male) |
| 3:22 | Create | Villager (Male) |
| 3:23 | Create | Villager (Male) |
| 4:10 | Create | Villager (Male) |
| 4:10 | Create | Villager (Male) |
| 4:10 | Create | Villager (Male) |
| 4:13 | Create | Villager (Male) |
| 4:13 | Create | Villager (Male) |
| 4:20 | Build | House |
| 4:30 | Create | Villager (Male) |
| 4:30 | Create | Villager (Male) |
| 5:06 | Build | House |
| 5:30 | Research | Loom |
| 5:48 | Create | Villager (Male) |
| 6:05 | Create | Villager (Male) |
| 6:05 | Create | Villager (Male) |
| 6:25 | Build | Dock |
| 6:33 | Create | Villager (Male) |
| 6:33 | Create | Villager (Male) |
| 6:33 | Create | Villager (Male) |
| 6:34 | Create | Villager (Male) |
| 6:34 | Create | Villager (Male) |
| 6:34 | Create | Villager (Male) |
| 7:04 | Create | Villager (Male) |
| 7:25 | Create | Villager (Male) |
| 7:31 | Create | Villager (Male) |
| 7:52 | Create | Villager (Male) |
| 8:45 | Create | Villager (Male) |
| 8:52 | Build | Mill |
| 9:04 | Create | Fishing Ship |
| 9:21 | Build | House |
| 9:24 | Build | House |
| 9:27 | Create | Villager (Male) |
| 9:44 | Research | Feudal Age |
| 9:45 | Research | Feudal Age |
| 9:52 | Build | Mining Camp |
| 9:56 | Create | Fishing Ship |
| 10:02 | Build | House |
| 10:55 | Build | House |
| 10:58 | Create | Villager (Male) |
| 11:25 | Build | Barracks |
| 11:29 | Create | Villager (Male) |
| 11:54 | Age | Feudal Age |
| 12:19 | Build | Stable |
| 12:25 | Research | Double-Bit Axe |
| 12:27 | Create | Villager (Male) |
| 12:31 | Create | Villager (Male) |
| 12:54 | Create | Spearman |
| 13:17 | Build | Blacksmith |
| 13:21 | Create | Villager (Male) |
| 13:22 | Create | Scout Cavalry |
| 13:47 | Research | Castle Age |
| 13:56 | Create | Scout Cavalry |
| 14:02 | Build | Stable |
| 14:26 | Create | Scout Cavalry |
| 14:39 | Create | Scout Cavalry |
| 14:45 | Build | Farm |
| 14:45 | Build | Farm |
| 14:45 | Build | Farm |
| 14:46 | Build | Farm |
| 14:46 | Build | Farm |
| 14:46 | Build | Farm |
| 14:46 | Build | Farm |
| 14:46 | Build | Farm |
| 14:53 | Build | Farm |
| 15:11 | Create | Villager (Male) |
| 15:19 | Build | House |
| 15:49 | Research | Scale Barding Armor |
| 15:49 | Research | Scale Barding Armor |
| 15:49 | Research | Scale Barding Armor |
| 16:00 | Create | Scout Cavalry |
| 16:32 | Create | Scout Cavalry |
| 16:32 | Create | Scout Cavalry |
| 16:33 | Create | Villager (Male) |
| 16:39 | Build | Stable |
| 16:39 | Age | Castle Age |
| 16:48 | Create | Knight |
| 16:49 | Create | Knight |
| 16:49 | Create | Knight |
| 17:03 | Create | Villager (Male) |
| 17:19 | Create | Knight |
| 17:20 | Create | Villager (Male) |
| 17:27 | Create | Knight |
| 17:28 | Create | Knight |
| 17:30 | Build | Farm |
| 17:34 | Build | Farm |
| 17:49 | Create | Villager (Male) |
| 17:50 | Create | Villager (Male) |
| 17:51 | Create | Villager (Male) |
| 18:09 | Create | Villager (Male) |
| 18:09 | Create | Villager (Male) |
| 18:16 | Create | Villager (Male) |
| 18:18 | Build | Farm |
| 18:21 | Build | Town Center |
| 18:30 | Create | Scout Cavalry |
| 18:30 | Create | Knight |
| 18:30 | Create | Scout Cavalry |
| 18:49 | Create | Villager (Male) |
| 18:49 | Create | Villager (Male) |
| 18:56 | Build | Farm |
| 18:59 | Build | Farm |
| 19:00 | Create | Villager (Male) |
| 19:02 | Build | Farm |
| 19:08 | Research | Gold Mining |
| 19:08 | Research | Gold Mining |
| 19:10 | Build | Farm |
| 19:28 | Build | Siege Workshop |
| 19:29 | Create | Villager (Male) |
| 19:29 | Create | Villager (Male) |
| 19:51 | Create | Villager (Male) |
| 19:51 | Create | Scout Cavalry |
| 20:05 | Create | Villager (Male) |
| 20:06 | Create | Villager (Male) |
| 20:22 | Create | Villager (Male) |
| 20:28 | Build | Farm |
| 20:28 | Create | Villager (Male) |
| 20:33 | Build | Town Center |
| 20:41 | Research | Bow Saw |
| 20:41 | Research | Bow Saw |
| 20:42 | Create | Villager (Male) |
| 20:47 | Build | Lumber Camp |
| 20:53 | Create | Villager (Male) |
| 20:53 | Create | Villager (Male) |
| 20:54 | Create | Villager (Male) |
| 20:54 | Create | Villager (Male) |
| 20:59 | Create | Knight |
| 20:59 | Create | Knight |
| 21:16 | Build | House |
| 21:23 | Create | Villager (Male) |
| 21:30 | Create | Villager (Male) |
| 21:36 | Build | House |
| 21:37 | Build | House |
| 21:38 | Build | House |
| 21:50 | Research | Wheelbarrow |
| 21:51 | Research | Wheelbarrow |
| 22:02 | Create | Mangonel |
Build order — pääjehu
First 150 of 382 actions detected
| 0:01 | Create | Villager (Male) ×4 |
| 0:02 | Build | House |
| 0:03 | Build | House |
| 1:23 | Create | Villager (Male) |
| 1:54 | Create | Villager (Male) |
| 1:56 | Build | Lumber Camp |
| 2:26 | Create | Villager (Male) |
| 2:51 | Create | Villager (Male) ×2 |
| 3:31 | Create | Villager (Male) |
| 3:55 | Build | House |
| 4:00 | Create | Villager (Male) |
| 4:14 | Create | Villager (Male) |
| 4:24 | Create | Villager (Male) |
| 4:33 | Build | Dock |
| 5:14 | Create | Villager (Male) |
| 5:19 | Create | Fishing Ship |
| 5:21 | Build | House |
| 5:39 | Create | Villager (Male) |
| 5:50 | Create | Fishing Ship |
| 6:18 | Create | Villager (Male) ×3 |
| 6:20 | Create | Fishing Ship |
| 6:25 | Build | House |
| 6:58 | Create | Villager (Male) |
| 7:04 | Create | Fishing Ship |
| 7:33 | Create | Villager (Male) ×3 |
| 7:42 | Create | Fishing Ship |
| 7:44 | Build | House |
| 8:04 | Create | Fishing Ship |
| 8:07 | Build | House |
| 8:09 | Create | Villager (Male) |
| 8:45 | Create | Fishing Ship |
| 8:57 | Build | Mining Camp |
| 9:10 | Create | Villager (Male) |
| 9:24 | Create | Fishing Ship |
| 9:47 | Create | Villager (Male) |
| 9:53 | Build | House |
| 10:11 | Create | Fishing Ship |
| 10:22 | Research | Feudal Age |
| 10:45 | Build | Mill |
| 11:05 | Create | Fishing Ship |
| 12:04 | Create | Villager (Male) |
| 12:04 | Create | Villager (Male) |
| 12:32 | Age | Feudal Age |
| 12:34 | Build | Market |
| 12:37 | Build | Blacksmith |
| 13:23 | Research | Double-Bit Axe |
| 13:23 | Research | Castle Age |
| 14:52 | Create | Villager (Male) |
| 14:52 | Create | Villager (Male) |
| 15:16 | Build | Fish Trap |
| 15:21 | Build | Fish Trap |
| 15:23 | Build | Fish Trap |
| 15:25 | Build | Fish Trap |
| 15:44 | Build | Fish Trap |
| 15:46 | Research | Tech 906 |
| 16:03 | Age | Castle Age |
| 16:07 | Build | Town Center |
| 16:13 | Build | Town Center |
| 16:16 | Research | Bow Saw |
| 16:36 | Research | Gillnets |
| 16:48 | Create | Villager (Male) |
| 16:57 | Build | House |
| 16:58 | Build | House |
| 17:30 | Create | Villager (Male) |
| 17:39 | Create | Villager (Male) |
| 17:39 | Create | Villager (Male) |
| 17:51 | Create | Fishing Ship |
| 17:54 | Build | Dock |
| 17:54 | Create | Villager (Male) ×5 |
| 17:56 | Build | Fish Trap |
| 17:59 | Build | Fish Trap |
| 18:01 | Build | Fish Trap |
| 18:26 | Create | Villager (Male) |
| 18:26 | Create | Villager (Male) |
| 18:29 | Build | Fish Trap |
| 18:37 | Build | Fish Trap |
| 18:40 | Create | Fishing Ship |
| 18:40 | Create | Villager (Male) |
| 18:42 | Build | Fish Trap |
| 18:44 | Create | Fishing Ship |
| 18:45 | Build | House |
| 18:49 | Build | House |
| 18:49 | Build | House |
| 18:53 | Create | Villager (Male) |
| 19:14 | Create | Villager (Male) |
| 19:16 | Create | Fishing Ship |
| 19:16 | Create | Fishing Ship |
| 19:19 | Build | Dock |
| 19:25 | Create | Villager (Male) |
| 19:28 | Create | Villager (Male) ×2 |
| 19:32 | Build | Fish Trap |
| 19:40 | Create | Villager (Male) |
| 19:43 | Build | Fish Trap |
| 19:44 | Create | Fishing Ship |
| 19:47 | Build | House |
| 19:48 | Build | House |
| 19:48 | Build | House |
| 19:49 | Build | House |
| 19:49 | Build | House |
| 19:51 | Create | Villager (Male) |
| 19:58 | Build | Lumber Camp |
| 20:01 | Create | Villager (Male) |
| 20:09 | Create | Villager (Male) |
| 20:11 | Build | Fish Trap |
| 20:14 | Build | Fish Trap |
| 20:15 | Create | Villager (Male) |
| 20:17 | Build | House |
| 20:18 | Create | Fishing Ship |
| 20:19 | Create | Villager (Male) |
| 20:30 | Create | Fishing Ship |
| 20:30 | Create | Fishing Ship |
| 20:36 | Create | Villager (Male) |
| 20:38 | Create | Fishing Ship |
| 20:53 | Create | Villager (Male) |
| 20:56 | Build | Fish Trap |
| 20:58 | Build | House |
| 21:03 | Create | Villager (Male) ×2 |
| 21:04 | Create | Fishing Ship |
| 21:05 | Create | Fishing Ship |
| 21:06 | Build | Fish Trap |
| 21:09 | Build | Dock |
| 21:16 | Create | Villager (Male) ×2 |
| 21:18 | Build | Fish Trap |
| 21:21 | Build | House |
| 21:21 | Build | House |
| 21:23 | Build | House |
| 21:24 | Create | Fishing Ship |
| 21:25 | Create | Villager (Male) |
| 21:28 | Build | Fish Trap |
| 21:41 | Create | Fishing Ship |
| 21:43 | Build | Fish Trap |
| 21:54 | Build | Fish Trap |
| 21:56 | Create | Fishing Ship |
| 21:58 | Research | Wheelbarrow |
| 22:03 | Build | Fish Trap |
| 22:03 | Create | Villager (Male) |
| 22:06 | Create | Villager (Male) |
| 22:15 | Create | Fishing Ship |
| 22:15 | Create | Fishing Ship |
| 22:21 | Create | Villager (Male) |
| 22:25 | Build | Fish Trap |
| 22:26 | Create | Fishing Ship |
| 22:26 | Create | Fishing Ship |
| 22:27 | Create | Villager (Male) |
| 22:33 | Build | Dock |
| 22:40 | Build | Fish Trap |
| 22:40 | Create | Villager (Male) |
| 22:42 | Build | House |
| 22:43 | Build | House |
| 22:43 | Build | House |
Build order — Dampflok
First 150 of 438 actions detected
| 0:01 | Create | Villager (Male) |
| 0:01 | Create | Villager (Male) |
| 0:03 | Build | House |
| 0:05 | Build | House |
| 0:14 | Create | Villager (Male) |
| 0:18 | Create | Villager (Male) |
| 1:34 | Create | Villager (Male) |
| 1:34 | Create | Villager (Male) |
| 2:23 | Create | Villager (Male) |
| 2:23 | Create | Villager (Male) |
| 2:37 | Build | Lumber Camp |
| 3:03 | Create | Villager (Male) |
| 3:18 | Create | Villager (Male) |
| 3:18 | Create | Villager (Male) |
| 4:00 | Create | Villager (Male) |
| 4:08 | Research | Loom |
| 4:26 | Create | Villager (Male) |
| 4:41 | Build | House |
| 4:57 | Create | Villager (Male) |
| 4:57 | Create | Villager (Male) |
| 5:11 | Create | Villager (Male) |
| 5:32 | Create | Villager (Male) |
| 5:32 | Create | Villager (Male) |
| 5:39 | Build | House |
| 6:15 | Create | Villager (Male) |
| 6:36 | Build | Palisade Wall |
| 6:40 | Build | Palisade Wall |
| 6:45 | Create | Villager (Male) |
| 6:49 | Build | Palisade Wall |
| 7:02 | Build | Palisade Wall |
| 7:21 | Create | Villager (Male) |
| 7:39 | Create | Villager (Male) |
| 7:53 | Build | Mining Camp |
| 7:58 | Create | Villager (Male) |
| 8:15 | Create | Villager (Male) |
| 8:46 | Build | House |
| 9:05 | Research | Feudal Age |
| 9:26 | Build | Dock |
| 10:31 | Create | Villager (Male) |
| 10:39 | Build | Palisade Wall |
| 10:41 | Build | Palisade Wall |
| 11:02 | Build | Palisade Wall |
| 11:15 | Age | Feudal Age |
| 11:18 | Create | Villager (Male) |
| 11:23 | Build | Palisade Wall |
| 11:37 | Create | Villager (Male) |
| 11:49 | Build | Palisade Wall |
| 11:57 | Build | Blacksmith |
| 11:59 | Create | Villager (Male) |
| 12:11 | Build | Mill |
| 12:16 | Create | Villager (Male) |
| 12:22 | Build | House |
| 12:34 | Build | Stone Wall |
| 12:41 | Build | Stone Wall |
| 12:59 | Build | Market |
| 13:06 | Create | Fishing Ship |
| 13:06 | Create | Fishing Ship |
| 13:09 | Create | Fishing Ship |
| 13:18 | Create | Villager (Male) |
| 13:55 | Build | Stone Wall |
| 13:57 | Build | Stone Wall |
| 14:15 | Research | Castle Age |
| 14:20 | Build | Mining Camp |
| 14:46 | Build | Stone Wall |
| 14:48 | Build | Stone Wall |
| 14:54 | Research | Stone Mining |
| 14:59 | Build | Stone Wall |
| 15:02 | Build | Stone Wall |
| 15:04 | Build | Stone Wall |
| 15:10 | Research | Tech 906 |
| 15:11 | Create | Fishing Ship |
| 15:12 | Create | Fishing Ship |
| 15:44 | Build | Stone Wall |
| 15:45 | Build | Stone Wall |
| 16:06 | Research | Horse Collar |
| 16:11 | Research | Double-Bit Axe |
| 16:17 | Research | Horse Collar |
| 16:29 | Build | House |
| 16:32 | Build | House |
| 16:37 | Create | Fishing Ship |
| 16:49 | Create | Villager (Male) |
| 16:55 | Age | Castle Age |
| 17:15 | Build | Stone Wall |
| 17:17 | Build | Stone Wall |
| 17:19 | Create | Villager (Male) |
| 17:31 | Create | Villager (Male) |
| 17:34 | Build | Farm |
| 17:43 | Build | House |
| 17:44 | Build | House |
| 17:50 | Create | Villager (Male) |
| 18:12 | Build | Castle |
| 18:17 | Create | Villager (Male) |
| 18:23 | Build | Town Center |
| 19:25 | Build | Mining Camp |
| 19:30 | Research | Wheelbarrow |
| 19:31 | Create | Villager (Male) |
| 19:31 | Create | Villager (Male) |
| 19:31 | Create | Villager (Male) |
| 19:58 | Create | Villager (Male) |
| 19:58 | Create | Villager (Male) |
| 19:59 | Create | Villager (Male) |
| 20:17 | Research | Bow Saw |
| 20:24 | Build | Market |
| 20:40 | Build | Fish Trap |
| 20:49 | Create | Villager (Male) |
| 20:49 | Create | Villager (Male) |
| 20:49 | Create | Villager (Male) |
| 21:02 | Build | Fish Trap |
| 21:16 | Build | Fish Trap |
| 21:28 | Build | Outpost |
| 21:34 | Build | Fish Trap |
| 21:36 | Create | Villager (Male) |
| 21:36 | Create | Villager (Male) |
| 21:45 | Build | Farm |
| 21:50 | Build | House |
| 22:00 | Build | Fish Trap |
| 22:08 | Build | Fish Trap |
| 22:16 | Build | Outpost |
| 22:19 | Research | Town Watch |
| 22:23 | Build | Farm |
| 22:26 | Build | Farm |
| 22:28 | Build | Farm |
| 22:31 | Build | Farm |
| 22:38 | Create | Villager (Male) |
| 22:38 | Create | Villager (Male) |
| 22:38 | Create | Villager (Male) |
| 22:39 | Create | Villager (Male) |
| 22:43 | Build | House |
| 22:46 | Create | Trade Cart |
| 23:04 | Create | Villager (Male) |
| 23:04 | Create | Villager (Male) |
| 23:08 | Build | Farm |
| 23:11 | Build | Farm |
| 23:17 | Build | Farm |
| 23:20 | Create | Villager (Male) |
| 23:20 | Create | Villager (Male) |
| 23:23 | Build | Farm |
| 23:32 | Build | Farm |
| 23:41 | Build | House |
| 23:44 | Build | House |
| 23:56 | Create | Villager (Male) |
| 23:59 | Build | Farm |
| 24:03 | Build | Farm |
| 24:05 | Create | Villager (Male) |
| 24:23 | Create | Villager (Male) |
| 24:29 | Build | Town Center |
| 24:30 | Create | Villager (Male) |
| 24:30 | Create | Villager (Male) |
| 24:31 | Create | Villager (Male) |
| 24:33 | Research | Gold Mining |
Match timeline
| 0:54 | .assisT · wall_segment Palisade Wall x7 |
| 1:04 | aleksanderG · wall_segment Palisade Wall x3 |
| 1:12 | aleksanderG · wall_segment Palisade Wall x1 |
| 1:14 | aleksanderG · wall_segment Palisade Wall x1 |
| 1:24 | .assisT · wall_segment Palisade Wall x6 |
| 1:25 | .assisT · wall_segment Palisade Wall x1 |
| 1:25 | .assisT · wall_segment Palisade Wall x1 |
| 1:28 | .assisT · wall_segment Palisade Wall x7 |
| 2:23 | aleksanderG · wall_segment Palisade Wall x3 |
| 2:25 | aleksanderG · wall_segment Palisade Wall x2 |
| 2:58 | aleksanderG · wall_segment Palisade Wall x2 |
| 2:59 | aleksanderG · wall_segment Palisade Wall x5 |
| 3:33 | DS_StonePleaseAoE · wall_segment Palisade Wall x1 |
| 3:33 | DS_StonePleaseAoE · wall_segment Palisade Wall x1 |
| 3:36 | DS_StonePleaseAoE · wall_segment Palisade Wall x1 |
| 3:37 | DS_StonePleaseAoE · wall_segment Palisade Wall x1 |
| 3:40 | aleksanderG · wall_segment Palisade Wall x7 |
| 3:46 | DS_StonePleaseAoE · wall_segment Palisade Wall x1 |
| 3:46 | DS_StonePleaseAoE · wall_segment Palisade Wall x1 |
| 4:08 | Nerv · wall_segment Palisade Wall x11 |
| 4:33 | pääjehu · first_building Dock |
| 4:50 | aleksanderG · wall_segment Palisade Wall x7 |
| 4:50 | ALBERT · first_building Dock |
| 5:28 | aleksanderG · wall_segment Palisade Wall x1 |
| 6:07 | aleksanderG · wall_segment Palisade Wall x9 |
| 6:12 | .assisT · wall_segment Palisade Wall x1 |
| 6:23 | Nerv · wall_segment Palisade Wall x1 |
| 6:25 | HazEy1 · first_building Dock |
| 6:36 | Dampflok · wall_segment Palisade Wall x1 |
| 6:40 | Dampflok · wall_segment Palisade Wall x1 |
| 6:49 | Dampflok · wall_segment Palisade Wall x1 |
| 7:02 | Dampflok · wall_segment Palisade Wall x1 |
| 7:13 | aleksanderG · wall_segment Palisade Wall x1 |
| 7:42 | aleksanderG · wall_segment Palisade Wall x1 |
| 7:43 | aleksanderG · wall_segment Palisade Wall x6 |
| 9:26 | Dampflok · first_building Dock |
| 10:39 | Dampflok · wall_segment Palisade Wall x1 |
| 10:41 | Dampflok · wall_segment Palisade Wall x8 |
| 10:56 | ALBERT · age_up feudal |
| 11:02 | Dampflok · wall_segment Palisade Wall x1 |
| 11:15 | Dampflok · age_up feudal |
| 11:23 | Dampflok · wall_segment Palisade Wall x2 |
| 11:25 | HazEy1 · first_building Barracks |
| 11:49 | Dampflok · wall_segment Palisade Wall x1 |
| 11:54 | HazEy1 · age_up feudal |
| 11:56 | aleksanderG · age_up feudal |
| 12:03 | aleksanderG · wall_segment Stone Wall x3 |
| 12:05 | aleksanderG · wall_segment Stone Wall x4 |
| 12:19 | HazEy1 · first_building Stable |
| 12:32 | pääjehu · age_up feudal |
| 12:34 | Dampflok · wall_segment Stone Wall x3 |
| 12:41 | Dampflok · wall_segment Stone Wall x8 |
| 12:50 | aleksanderG · wall_segment Stone Wall x1 |
| 12:54 | .assisT · age_up feudal |
| 13:04 | aleksanderG · first_market_sell 100 food |
| 13:14 | .assisT · wall_segment Palisade Wall x3 |
| 13:14 | .assisT · wall_segment Palisade Wall x1 |
| 13:55 | Dampflok · wall_segment Stone Wall x9 |
| 13:57 | Dampflok · wall_segment Stone Wall x1 |
| 14:13 | Dampflok · first_market_sell 100 food |
| 14:46 | Dampflok · wall_segment Stone Wall x7 |
| 14:48 | Dampflok · wall_segment Stone Wall x1 |
| 14:51 | aleksanderG · wall_segment Stone Wall x1 |
| 14:53 | aleksanderG · wall_segment Stone Wall x5 |
| 14:59 | Dampflok · wall_segment Stone Wall x9 |
| 15:02 | Dampflok · wall_segment Stone Wall x1 |
| 15:04 | Dampflok · wall_segment Stone Wall x1 |
| 15:28 | ALBERT · age_up castle |
| 15:44 | Dampflok · wall_segment Stone Wall x3 |
| 15:45 | aleksanderG · age_up castle |
| 15:45 | Dampflok · wall_segment Stone Wall x1 |
| 15:59 | ALBERT · first_market_buy 100 wood |
| 16:03 | pääjehu · age_up castle |
| 16:12 | DS_StonePleaseAoE · wall_segment Palisade Wall x1 |
| 16:12 | DS_StonePleaseAoE · wall_segment Palisade Wall x1 |
| 16:16 | Dampflok · first_market_buy 100 food |
| 16:26 | .assisT · age_up castle |
| 16:39 | HazEy1 · age_up castle |
| 16:41 | .assisT · first_market_buy 100 wood |
| 16:44 | ALBERT · first_building Monastery |
| 16:55 | Dampflok · age_up castle |
| 16:55 | .assisT · first_market_sell 100 stone |
| 17:13 | Nerv · wall_segment Palisade Wall x1 |
| 17:15 | Dampflok · wall_segment Stone Wall x8 |
| 17:17 | Dampflok · wall_segment Stone Wall x1 |
| 17:27 | ALBERT · wall_segment Palisade Wall x4 |
| 17:48 | aleksanderG · first_building Monastery |
| 17:57 | aleksanderG · first_market_buy 100 wood |
| 18:09 | DS_StonePleaseAoE · wall_segment Palisade Wall x6 |
| 18:12 | Dampflok · first_building Castle |
| 18:24 | DS_StonePleaseAoE · wall_segment Palisade Wall x1 |
| 18:25 | DS_StonePleaseAoE · wall_segment Palisade Wall x1 |
| 18:25 | Nerv · wall_segment Palisade Wall x10 |
| 18:26 | DS_StonePleaseAoE · wall_segment Palisade Wall x1 |
| 18:29 | DS_StonePleaseAoE · wall_segment Palisade Wall x1 |
| 18:32 | DS_StonePleaseAoE · wall_segment Palisade Wall x1 |
| 18:33 | DS_StonePleaseAoE · wall_segment Palisade Wall x1 |
| 18:37 | DS_StonePleaseAoE · wall_segment Palisade Wall x1 |
| 18:37 | DS_StonePleaseAoE · wall_segment Palisade Wall x1 |
| 19:05 | DS_StonePleaseAoE · wall_segment Palisade Wall x10 |
| 19:11 | DS_StonePleaseAoE · wall_segment Palisade Wall x7 |
| 19:26 | DS_StonePleaseAoE · wall_segment Palisade Wall x1 |
| 19:27 | pääjehu · first_market_sell 100 wood |
| 19:27 | pääjehu · first_market_buy 100 food |
| 19:28 | HazEy1 · first_building Siege Workshop |
| 19:32 | DS_StonePleaseAoE · wall_segment Palisade Wall x1 |
| 19:34 | DS_StonePleaseAoE · wall_segment Palisade Wall x1 |
| 20:56 | Nerv · wall_segment Palisade Wall x10 |
| 21:44 | .assisT · first_building Castle |
| 22:08 | DS_StonePleaseAoE · wall_segment Palisade Wall x1 |
| 22:40 | Nerv · wall_segment Palisade Wall x1 |
| 22:41 | Nerv · wall_segment Palisade Wall x1 |
| 22:43 | Nerv · wall_segment Palisade Wall x1 |
| 22:45 | Nerv · wall_segment Palisade Wall x1 |
| 22:46 | Nerv · wall_segment Palisade Wall x1 |
| 22:46 | Nerv · wall_segment Palisade Wall x1 |
| 23:08 | DS_StonePleaseAoE · age_up feudal |
| 23:31 | DS_StonePleaseAoE · wall_segment Palisade Wall x1 |
| 23:45 | HazEy1 · first_building Monastery |
| 23:46 | ALBERT · first_building Barracks |
| 23:55 | DS_StonePleaseAoE · first_building Barracks |
| 24:23 | aleksanderG · wall_segment Stone Wall x7 |
| 24:31 | aleksanderG · wall_segment Stone Wall x7 |
| 24:32 | .assisT · first_building Barracks |
| 24:38 | ALBERT · first_building Stable |
| 24:39 | DS_StonePleaseAoE · wall_segment Stone Wall x2 |
| 24:46 | pääjehu · first_building Monastery |
| 25:19 | aleksanderG · wall_segment Stone Wall x1 |
| 25:21 | aleksanderG · wall_segment Stone Wall x1 |
| 25:25 | Nerv · wall_segment Palisade Wall x1 |
| 25:27 | Nerv · wall_segment Palisade Wall x1 |
| 25:28 | Nerv · wall_segment Palisade Wall x1 |
| 25:45 | DS_StonePleaseAoE · first_market_buy 100 wood |
| 25:52 | Dampflok · first_building Barracks |
| 25:53 | aleksanderG · first_building Castle |
| 26:04 | Dampflok · wall_segment Stone Wall x3 |
| 26:07 | Dampflok · wall_segment Stone Wall x9 |
| 26:09 | Dampflok · wall_segment Stone Wall x1 |
| 26:10 | Dampflok · wall_segment Stone Wall x1 |
| 26:13 | aleksanderG · wall_segment Stone Wall x3 |
| 26:20 | aleksanderG · wall_segment Stone Wall x1 |
| 26:24 | aleksanderG · wall_segment Stone Wall x1 |
| 26:41 | aleksanderG · wall_segment Stone Wall x2 |
| 26:43 | pääjehu · first_building Siege Workshop |
| 26:57 | aleksanderG · wall_segment Stone Wall x5 |
| 27:05 | aleksanderG · wall_segment Stone Wall x6 |
| 27:13 | HazEy1 · first_market_buy 100 stone |
| 27:20 | Nerv · wall_segment Palisade Wall x1 |
| 27:25 | pääjehu · first_building Castle |
| 27:30 | Dampflok · first_building Siege Workshop |
| 27:32 | aleksanderG · wall_segment Stone Wall x5 |
| 27:36 | aleksanderG · first_building Barracks |
| 27:55 | DS_StonePleaseAoE · first_market_sell 100 wood |
| 27:59 | ALBERT · first_market_sell 100 food |
| 28:03 | ALBERT · first_building Castle |
| 28:07 | Dampflok · first_building Stable |
| 28:13 | aleksanderG · wall_segment Stone Wall x6 |
| 28:18 | aleksanderG · wall_segment Stone Wall x6 |
| 28:28 | pääjehu · age_up imperial |
| 28:44 | Nerv · wall_segment Palisade Wall x1 |
| 28:45 | Nerv · wall_segment Palisade Wall x1 |
| 29:32 | .assisT · age_up imperial |
| 29:47 | pääjehu · first_building Barracks |
| 29:48 | Nerv · age_up feudal |
| 29:57 | aleksanderG · first_building Archery Range |
| 30:35 | aleksanderG · age_up imperial |
| 31:01 | DS_StonePleaseAoE · wall_segment Palisade Wall x3 |
| 31:20 | Dampflok · age_up imperial |
| 33:00 | ALBERT · age_up imperial |
| 33:32 | pääjehu · wall_segment Stone Wall x3 |
| 33:42 | ALBERT · first_building Siege Workshop |
| 33:43 | Nerv · age_up castle |
| 34:07 | Nerv · first_market_buy 100 wood |
| 35:27 | HazEy1 · age_up imperial |
| 35:31 | pääjehu · wall_segment Stone Wall x1 |
| 35:35 | pääjehu · wall_segment Stone Wall x1 |
| 36:19 | ALBERT · first_building Archery Range |
| 38:46 | pääjehu · first_building Stable |
| 39:19 | HazEy1 · first_building Castle |
| 40:24 | .assisT · tribute_sent a jugador 1 |
| 40:24 | .assisT · tribute_sent a jugador 3 |
| 40:24 | .assisT · tribute_sent a jugador 4 |
| 40:24 | .assisT · tribute_sent a jugador 5 |
| 40:24 | .assisT · tribute_sent a jugador 6 |
| 40:24 | .assisT · tribute_sent a jugador 7 |
| 40:24 | .assisT · tribute_sent a jugador 8 |
| 40:37 | .assisT · tribute_sent a jugador 1 |
| 40:37 | .assisT · tribute_sent a jugador 3 |
| 40:37 | .assisT · tribute_sent a jugador 4 |
| 40:37 | .assisT · tribute_sent a jugador 5 |
| 40:37 | .assisT · tribute_sent a jugador 6 |
| 40:37 | .assisT · tribute_sent a jugador 7 |
| 40:37 | .assisT · tribute_sent a jugador 8 |
| 41:13 | pääjehu · tribute_sent a jugador 1 |
| 41:13 | pääjehu · tribute_sent a jugador 2 |
| 41:13 | pääjehu · tribute_sent a jugador 3 |
| 41:13 | pääjehu · tribute_sent a jugador 4 |
| 41:13 | pääjehu · tribute_sent a jugador 5 |
| 41:13 | pääjehu · tribute_sent a jugador 6 |
| 41:13 | pääjehu · tribute_sent a jugador 8 |
| 41:42 | .assisT · tribute_sent a jugador 1 |
| 41:42 | .assisT · tribute_sent a jugador 3 |
| 41:42 | .assisT · tribute_sent a jugador 4 |
| 41:42 | .assisT · tribute_sent a jugador 5 |
| 41:42 | .assisT · tribute_sent a jugador 6 |
| 41:42 | .assisT · tribute_sent a jugador 7 |
| 41:42 | .assisT · tribute_sent a jugador 8 |
| 41:56 | Nerv · first_market_sell 100 food |
| 42:36 | .assisT · first_building Archery Range |
| 43:11 | DS_StonePleaseAoE · age_up castle |
| 43:14 | ALBERT · resign |
[ AI ANALYSIS · 1 CREDIT ]
What really happened in this match?
Wolo.gg analyzes every decision: build order, eco, micro, common mistakes by bracket. Personalized analysis on WhatsApp or Discord in 30 seconds.
Civ guide
Armenians
Perfil
Jugador #552202